Map: [ESL] Alcyone

Players

Firefly

  • Race: Protoss Protoss
  • Spawn Location: 1:00

Jieshi - Winner!

  • Race: Protoss Protoss
  • Spawn Location: 7:00

Event: ESL SC2 Masters 2024 Spring (Regional)

VOD

Have the link to the VOD?

Description

Time

  • Played on: April 25, 2024, 7:05 a.m.
  • Length: 9:13

All games in this series

Show
View Real Time Build Order
Export as new Build Order

Firefly Protoss 

Build Orders: Phoenix Opening 

Get SALT Encoding   

  12  0:00  Probe  
  13  0:12  Probe  
  14  0:17  Pylon  
  14  0:24  Probe  
  15  0:36  Gateway  
  15  0:37  Probe (Chrono Boost)  
  16  0:46  Assimilator, Probe (Chrono Boost)  
  17  0:51  Probe (Chrono Boost)  
  18  1:03  Probe (Chrono Boost)  
  19  1:04  Assimilator  
  19  1:08  Pylon  
  19  1:12  Probe (Chrono Boost)  
  19  1:17  Probe (Chrono Boost)  
  20  1:24  Cybernetics Core  
  21  1:27  Zealot  
  21  1:31  Probe  
  24  1:43  Probe  
  25  1:55  Probe  
  25  1:57  Warp Gate (Chrono Boost)  
  25  2:00  Sentry  
  28  2:05  Pylon  
  28  2:07  Probe  
  29  2:21  Nexus  
  29  2:24  Sentry  
  31  2:32  Phoenix, Shield Battery  
  31  2:41  Gateway  
  31  2:44  Probe  
  31  2:48  Sentry (Chrono Boost)  
  34  3:00  Probe  
  34  3:03  Pylon  
  35  3:10  Gateway  
  35  3:11  Sentry (Chrono Boost)  
  36  3:14  Shield Battery  
  35  3:27  Probe  
  33  3:38  Sentry  
  33  3:39  Probe  
  36  3:45  Stalker  
  36  3:46  Probe  
  39  3:55  Probe  
  40  3:57  Pylon  
  40  4:04  Stalker x2  
  40  4:05  Probe  
  40  4:08  Probe  
  46  4:17  Stalker  
  46  4:18  Probe  
  46  4:20  Pylon  
  49  4:26  Probe (Chrono Boost)  
  49  4:30  Probe (Chrono Boost)  
  51  4:38  Phoenix, Probe (Chrono Boost)  
  52  4:43  Robotics Facility, Probe (Chrono Boost)  
  52  4:44  Forge  
  53  4:46  Probe (Chrono Boost)  
  54  4:53  Pylon  
  54  5:09  Nexus  
  54  5:11  Probe x2 (Chrono Boost)  
  56  5:15  Pylon  
  56  5:18  Protoss Ground Weapons Level 1  
  56  5:23  Probe (Chrono Boost)  
  58  5:28  Immortal (Chrono Boost)  
  58  5:29  Probe (Chrono Boost)  
  58  5:33  Probe (Chrono Boost)  
  61  5:44  Phoenix  
  61  5:45  Adept  
  61  5:46  Adept  
  61  5:48  Stalker  
  67  5:51  Probe  
  67  5:52  Assimilator  
  67  5:54  Assimilator  
  68  6:05  Pylon  
  68  6:09  Pylon  
  68  6:15  Photon Cannon  
  68  6:17  Photon Cannon  
  68  6:19  Photon Cannon, Probe x2  
  68  6:20  Pylon  
  68  6:22  Shield Battery  
  68  6:24  Immortal  
  74  6:29  Stalker  
  74  6:40  Stalker x2  
  78  6:58  Photon Cannon  
  78  7:00  Photon Cannon  
  78  7:01  Sentry  
  76  7:02  Probe x2  
  76  7:04  Sentry  
  76  7:06  Warp Prism  
  76  7:07  Pylon  
  78  7:16  Probe  
  78  7:19  Stalker  
  78  7:20  Probe  
  82  7:24  Twilight Council  
  82  7:28  Probe, Gateway  
  79  7:41  Stalker x2  
  79  7:45  Immortal  
  79  7:47  Sentry  
  83  7:52  Gateway  
  83  8:04  Sentry, Shield Battery  
  85  8:11  Pylon  
  81  8:12  Pylon  
  81  8:14  Pylon  
  67  8:20  Stalker x2  
  67  8:21  Immortal (Chrono Boost)  
  71  8:30  Stalker  
  51  8:44  Stalker x2  
  41  8:55  Stalker  
Show
View Real Time Build Order
Export as new Build Order

Jieshi Protoss - Winner!

Build Orders:  

Get SALT Encoding   

  12  0:00  Probe  
  13  0:12  Probe  
  14  0:16  Pylon  
  14  0:24  Probe (Chrono Boost)  
  15  0:37  Probe (Chrono Boost), Gateway  
  16  0:43  Probe (Chrono Boost)  
  16  0:45  Assimilator  
  17  0:51  Probe  
  17  0:56  Assimilator  
  18  1:03  Probe (Chrono Boost)  
  19  1:08  Gateway  
  19  1:13  Probe (Chrono Boost)  
  19  1:18  Probe (Chrono Boost)  
  20  1:24  Cybernetics Core  
  21  1:29  Probe  
  22  1:34  Pylon  
  22  1:41  Probe  
  23  1:53  Probe  
  24  1:54  Pylon  
  24  2:00  Adept  
  24  2:01  Adept  
  28  2:03  Warp Gate (Chrono Boost)  
  28  2:12  Pylon  
  28  2:30  Adept x2  
  32  2:44  Nexus  
  32  2:47  Probe  
  33  3:00  Adept x2  
  33  3:03  Probe  
  38  3:12  Pylon  
  38  3:16  Probe  
  39  3:30  Probe  
  39  3:31  Robotics Facility  
  40  3:43  Probe  
  41  3:52  Shield Battery  
  41  3:55  Probe  
  42  3:57  Probe  
  39  4:07  Sentry, Probe  
  39  4:08  Sentry  
  39  4:09  Probe  
  45  4:11  Twilight Council  
  45  4:17  Warp Prism (Chrono Boost)  
  45  4:19  Probe  
  45  4:21  Probe  
  48  4:31  Probe  
  48  4:33  Probe  
  48  4:36  Immortal  
  49  4:39  Sentry  
  49  4:43  Probe, Adept  
  49  4:44  Resonating Glaives (Chrono Boost)  
  54  4:48  Probe  
  59  4:55  Probe  
  59  4:56  Pylon  
  60  5:02  Gateway  
  60  5:05  Gateway  
  60  5:13  Observer (Chrono Boost)  
  60  5:16  Gateway x2  
  61  5:26  Adept x2  
  65  5:29  Pylon  
  65  5:31  Immortal  
  69  5:38  Pylon  
  69  5:47  Pylon  
  69  5:49  Adept x2  
  73  5:52  Pylon  
  73  6:03  Adept x2  
  77  6:07  Pylon  
  77  6:11  Immortal (Chrono Boost), Adept x2  
  85  6:28  Adept x2  
  85  6:29  Adept  
  89  6:36  Observer, Adept x3  
  81  6:50  Adept x2  
  81  6:51  Adept  
  87  6:59  Adept x2  
  87  7:00  Adept  
  90  7:02  Probe  
  90  7:06  Probe  
  92  7:14  Probe  
  97  7:17  Adept  
  97  7:18  Adept  
  97  7:19  Adept x2  
  97  7:22  Adept x2  
  105  7:27  Probe  
  106  7:30  Pylon, Assimilator  
  102  7:40  Adept x2  
  102  7:41  Adept x2  
  98  7:45  Adept  
  92  7:55  Adept x2  
  94  8:00  Adept  
  94  8:01  Adept x2  
  96  8:05  Adept  
  84  8:23  Adept x3  
  84  8:24  Adept  
  84  8:26  Zealot x2  
  76  8:45  Zealot x4  
  76  8:47  Adept  
  78  9:04  Adept  
Tags
 
Add a new tag
Caveats
  • Supply blocks, unpowered buildings, or Contaminate may cause inaccurate times.
  • Supply counts are checked every 10 seconds.